 Dungeon Crawl Stone Soup version 0.26.1-10-gdfb7c7de75 (webtiles) character file.

Game seed: 14119839515430618506

25 Morrissey the Insei (level 3, 0/31 HPs)
             Began as a Naga Transmuter on Apr 1, 2021.
             Slain by a kobold
             ... wielding a cursed +0 short sword
              (5 damage)
             ... on level 2 of the Dungeon.
             The game lasted 00:03:16 (1440 turns).

Morrissey the Insei (Naga Transmuter)               Turns: 1440, Time: 00:03:16

Health: 0/31       AC:  2    Str: 12    XL:     3   Next: 4%
Magic:  4/6        EV: 10    Int: 13    God:
Gold:   31         SH:  0    Dex: 12    Spells: 3/6 levels left

rFire    . . .     SeeInvis +     - Unarmed
rCold    . . .     Faith    .   (no shield)
rNeg     . . .     Spirit   .   a - +0 robe
rPois    +         Reflect  .   (no helmet)
rElec    .         Harm     .   (no cloak)
rCorr    .         Rampage  .   (no gloves)
Will     .....                  (no barding)
Stlth    ++........             (no amulet)
HPRegen  0.10/turn              (no ring)
MPRegen  0.10/turn              (no ring)

@: short of breath, wereblooded, very slow
A: large, see invisible, deformed body, poison resistance, slowness 2, spit
poison 1, AC +1
a: Spit Poison


You were on level 2 of the Dungeon.
You visited 1 branch of the dungeon, and saw 2 of its levels.

You collected 31 gold pieces.

Inventory:

Armour
 a - a +0 robe (worn)
Jewellery
 i - an uncursed ring of stealth {unknown}
Scrolls
 b - a scroll of fear {unknown}
 e - a scroll of teleportation {unknown}
 f - a scroll of remove curse {unknown}
 h - a scroll of blinking {unknown}
 k - 3 scrolls of magic mapping {unknown}
Potions
 c - a potion of brilliance {unknown}
 d - a potion of berserk rage {unknown}
 g - a potion of mutation {unknown}
 j - a potion of degeneration {unknown}


   Skills:
 - Level 1.0 Fighting
 - Level 1.7 Dodging
 * Level 2.6 Stealth
 + Level 3.2 Unarmed Combat
 - Level 2.0 Spellcasting
 + Level 2.3 Transmutations


You had 3 spell levels left.
You knew the following spells:

 Your Spells              Type           Power        Failure   Level
a - Beastly Appendage     Tmut           14%          10%         1
b - Wereblood             Tmut           7%           16%         2

Your spell library contained the following spells:

 Spells                   Type           Power        Failure   Level
 Spider Form              Tmut/Pois      2%           43%         3
 Ice Form                 Ice/Tmut       4%           85%         4
 Blade Hands              Tmut           3%           95%         5


Dungeon Overview and Level Annotations

Branches:
Dungeon (2/15)

Altars:


Innate Abilities, Weirdness & Mutations

You cannot wear boots.
Your serpentine skin is tough. (AC +1)
You have supernaturally acute eyesight. (SInv)
Armour fits poorly on your strangely shaped body.
Your system is resistant to poisons. (rPois)
You cover ground very slowly.
You can spit poison.


Message History

The orc is moderately wounded.
The kobold closely misses you.
You closely miss the kobold.
The kobold is moderately wounded.
The orc hits you but does no damage.
The kobold hits you with a cursed +0 short sword!
* * * LOW HITPOINT WARNING * * *
Unknown command.
You punch the orc!
You kill the orc!
The orc priest looks satisfied for a moment.
The kobold closely misses you.
You have reached level 3!
Your experience leads to an increase in your attributes!
Increase (S)trength, (I)ntelligence, or (D)exterity?
You feel agile.
Your skin feels tougher.
You hit the orc.
You kill the orc!
The kobold hits you with a cursed +0 short sword.
You die...

.... ..#....#
.......#......#
.......#......#
.....o.#......#
.......#......#
..?...#......#
###..oK......##
###.....)@.......
........(..).....
..................
....#...(.#........
...
#.....#..........
#.....#..........
..#.....#..........
#......#)........
#......#.........


You could see an orc priest, an orc wizard (invisible) and a kobold.

Vanquished Creatures
  3 dart slugs
  A leopard gecko (D:2)
  2 orcs (D:2)
  2 bats (D:2)
  4 hobgoblins
  A frilled lizard (D:1)
  4 kobolds (D:1)
17 creatures vanquished.

Notes
Turn   | Place    | Note
-------+----------+-------------------------------------------
     0 | D:1      | Morrissey the Naga Transmuter began the quest for the Orb.
     0 | D:1      | Reached XP level 1. HP: 18/18 MP: 3/3
   252 | D:1      | Reached skill level 1 in Stealth
   434 | D:1      | Reached XP level 2. HP: 9/25 MP: 5/5
   693 | D:1      | Learned a level 2 spell: Wereblood
  1440 | D:2      | Reached XP level 3. HP: 5/31 MP: 4/6
  1440 | D:2      | Slain by a kobold

Illustrated notes

Levels and vault maps discovered:
D:1:      psy_arrival_whirlpool, layout_basic, chequers_big_river
D:2:      layout_basic, overflow_temple_1_default, old_standard_altar,
          chequers_ecumenical_altar_simple_redux

Skill      XL: |  1  2 |
---------------+-------+-----
Stealth        | 1 2 |  2.6
Fighting       | |  1.0
Dodging        | |  1.7
Unarmed Combat | |  3.2
Spellcasting   | |  2.0
Transmutations | |  2.3

Action                   || total
-------------------------++-------
Melee: Unarmed           ||    75
 Cast: Beastly Appendage ||     1
       Wereblood         ||     1
 Abil: Spit Poison       ||     4
 Stab: Sleeping          ||     2
Armor: Robe              ||    19
Dodge: Dodged            ||    65
